[Event "Titled Tuesday Blitz April 26 Late 2022"]
[White "Tristan, Leonardo"]
[Black "Tari, Aryan"]
[WhiteFideId "113816"]
[BlackFideId "1510045"]
[WhiteElo "2404"]
[BlackElo "2567"]
[Result "0-1"]
[Round "03"]
[TimeControl "180+1"]
[Date "2022.04.26"]
[WhiteClock "0:00:03"]
[BlackClock "0:00:31"]

1. d4 d5 2. Nf3 Nf6 3. Bf4 c5 4. e3 Nc6 5. Nbd2 e6 6. c3 Nh5 7. Bg5 Qb6 8. dxc5 Bxc5 9. b4 Be7 10. Bxe7 Nxe7 11. a3 O-O 12. c4 Nf6 13. Be2 Rd8 14. Qc2 a5 15. b5 Bd7 16. a4 Rac8 17. O-O Be8 18. Rac1 Qc5 19. Qb2 b6 20. Ne5 d4 21. Nd3 Qd6 22. e4 Ng6 23. f4 e5 24. f5 Nf4 25. Rxf4 exf4 26. e5 Qe7 27. Bf3 Nd7 28. Re1 Nc5 29. Nxc5 Qxc5 30. Kh1 d3 31. Re4 Qf2 32. Qc1 Rd4 33. h3 Rxe4 34. Nxe4 Qe3 35. Qc3 Rd8 36. Nd6 d2 37. Qxe3 fxe3 38. Kg1 f6 39. c5 bxc5 40. b6 fxe5 41. b7 Bxa4 42. Nc8 d1=Q+ 43. Bxd1 Rxd1+ 44. Kh2 Rb1 0-1


[Site "https://www.chess.com"]

[Event "Titled Tuesday Blitz April 26 Late 2022"]
[White "Urbina Perez, Juan Antonio"]
[Black "Lehtosaari, Mauri"]
[WhiteFideId "2217368"]
[BlackFideId "501999"]
[WhiteElo "2192"]
[BlackElo "2527"]
[Result "1/2-1/2"]
[Round "03"]
[TimeControl "180+1"]
[Date "2022.04.26"]
[WhiteClock "0:01:21"]
[BlackClock "0:00:28"]

1. e4 d5 2. exd5 Qxd5 3. Nc3 Qe5+ 4. Qe2 Qxe2+ 5. Bxe2 c6 6. Bf3 Bf5 7. d3 e6 8. Nge2 Nf6 9. h4 h6 10. Bd2 Nbd7 11. O-O-O Bc5 12. Be3 Bb6 13. Ng3 Bh7 14. Nge4 Bxe3+ 15. fxe3 Ke7 16. Rdf1 Nd5 17. Kd2 Ne5 18. a3 Rhd8 19. Nxd5+ cxd5 20. Nc3 Rac8 21. Be2 a6 22. Rf2 Rc7 23. Rhf1 f6 24. g4 Rdc8 25. d4 Nf7 26. Bd3 Bxd3 27. cxd3 b5 28. Rc1 Nd6 29. Rff1 a5 30. Ne2 Rxc1 31. Rxc1 Rxc1 32. Kxc1 f5 33. g5 hxg5 34. hxg5 Nf7 35. g6 Nh8 36. Nc3 Nxg6 37. Nxb5 Nf8 38. Kd2 g5 39. Ke2 Kd7 40. Nc3 Kc6 41. b4 axb4 42. axb4 Nd7 43. Kf3 Nb8 44. e4 Kd6 45. b5 Nd7 46. Ne2 Nb6 47. Ng3 fxe4+ 48. dxe4 dxe4+ 49. Nxe4+ Kd5 50. Nxg5 Kxd4 51. Nxe6+ Kc4 52. Nc5 Kxc5 53. Kg2 Kxb5 1/2-1/2


[Site "https://www.chess.com"]

[Event "Titled Tuesday Blitz April 26 Late 2022"]
[White "Vachier-Lagrave, Maxime"]
[Black "Suleymanli, Aydin"]
[WhiteFideId "623539"]
[BlackFideId "13413937"]
[WhiteElo "2813"]
[BlackElo "2481"]
[Result "1-0"]
[Round "03"]
[TimeControl "180+1"]
[Date "2022.04.26"]
[WhiteClock "0:01:01"]
[BlackClock "0:01:13"]

1. d4 Nf6 2. c4 e6 3. Nf3 d5 4. g3 Ke7 5. Bg2 g6 6. b3 h6 7. O-O Nbd7 8. Nc3 Ne4 9. Nxe4 dxe4 10. Ne5 Nxe5 11. dxe5 Qxd1 12. Rxd1 Bg7 13. Ba3+ Ke8 14. Bb2 e3 15. f4 a5 16. Rd3 Bf8 17. Rad1 Be7 18. Ba3 a4 19. b4 Kf8 20. Rxe3 Kg7 21. b5 Bxa3 22. Rxa3 Ra7 23. Kf2 h5 24. h4 Re8 25. Ke3 Kf8 26. Kd2 Rd8+ 27. Rd3 Ke7 28. Kc3 Rxd3+ 29. exd3 Bd7 30. Rb1 c5 31. b6 1-0


[Site "https://www.chess.com"]

[Event "Titled Tuesday Blitz April 26 Late 2022"]
[White "Vasquez Schroeder, Rodrigo"]
[Black "Tatarinov, Dmitry"]
[WhiteFideId "3400042"]
[BlackFideId "24160067"]
[WhiteElo "2561"]
[BlackElo "2302"]
[Result "1-0"]
[Round "03"]
[TimeControl "180+1"]
[Date "2022.04.26"]
[WhiteClock "0:00:03"]
[BlackClock "0:00:03"]

1. e4 c6 2. d4 d5 3. exd5 cxd5 4. Bd3 g6 5. Nf3 Bg7 6. O-O Nh6 7. Re1 O-O 8. h3 Nc6 9. c3 Nf5 10. Bf4 Nd6 11. Nbd2 Bf5 12. Bxf5 Nxf5 13. Nb3 b6 14. Nc1 Nd6 15. Nd3 Ne4 16. Nd2 Nxd2 17. Qxd2 Qd7 18. Bh6 Rae8 19. Re2 Bxh6 20. Qxh6 Qf5 21. Qd2 e5 22. dxe5 Nxe5 23. Nxe5 Rxe5 24. Rxe5 Qxe5 25. Re1 Qf5 26. a3 h5 27. Re2 Rd8 28. Qd4 Qd7 29. Rd2 b5 30. h4 Qe7 31. g3 Rd6 32. Kg2 Qc7 33. Re2 Qd7 34. Re5 Qd8 35. Qe3 Qf6 36. Re8+ Kg7 37. Qxa7 d4 38. cxd4 Rxd4 39. Qc5 Rd2 40. b4 Rd3 41. Re3 Rxe3 42. Qxe3 Qa6 43. Qd4+ Kg8 44. Qd5 Kg7 45. Qd3 Kg8 46. f3 Kg7 47. g4 Kg8 48. gxh5 gxh5 49. Qf5 Qxa3 50. Qg5+ Kf8 51. Qc5+ Kg8 52. Qxb5 Qb2+ 53. Kg3 Qb1 54. Qg5+ Kf8 55. Qc5+ Kg8 56. Kf4 Qh1 57. Qg5+ Kf8 58. Qxh5 Qc1+ 59. Kg4 Qc7 60. Qh8+ Ke7 61. Qd4 Qh2 62. Qe4+ Kf8 63. Kh5 Qg2 64. Qf5 Qg7 65. b5 Qh8+ 66. Kg4 Qd4+ 67. Kh3 Qb4 68. Qe5 Qb1 69. h5 Qh1+ 70. Kg4 Qg2+ 71. Qg3 Qb2 72. Qd6+ Kg7 73. b6 Qg2+ 74. Qg3 Qb2 75. Kh4+ Kh7 76. Qf4 Kg8 77. Qg5+ Kh7 78. h6 Qd4+ 79. Kh5 1-0


[Site "https://www.chess.com"]

[Event "Titled Tuesday Blitz April 26 Late 2022"]
[White "Vega Gutierrez, Sabrina"]
[Black "Winkels, Marcel"]
[WhiteFideId "2219026"]
[BlackFideId "1003887"]
[WhiteElo "2286"]
[BlackElo "1900"]
[Result "1-0"]
[Round "03"]
[TimeControl "180+1"]
[Date "2022.04.26"]
[WhiteClock "0:01:00"]
[BlackClock "0:01:06"]

1. e4 c5 2. Nf3 d6 3. d4 cxd4 4. Qxd4 Nf6 5. Bg5 e5 6. Bb5+ Nc6 7. Qd3 Be7 8. Nc3 Be6 9. O-O-O O-O 10. Bxc6 bxc6 11. Bxf6 Bxf6 12. Qxd6 Qb6 13. Na4 Qxf2 14. Rd2 Qe3 15. Re1 Qh6 16. Qxc6 Rad8 17. Nc3 Bg4 18. Nd5 Rxd5 19. exd5 Bxf3 20. gxf3 Bg5 21. Qxh6 Bxh6 22. Rxe5 f6 23. Re7 Rd8 24. c4 a5 25. Kc2 Bxd2 26. Kxd2 Kf8 27. Ra7 Rb8 28. Kc3 Re8 29. c5 Re3+ 30. Kd4 Rxf3 31. c6 Ke8 32. Ra8+ Ke7 33. c7 1-0


[Site "https://www.chess.com"]

[Event "Titled Tuesday Blitz April 26 Late 2022"]
[White "Vlassov, Nikolai"]
[Black "Mikhalsky, Vladimir"]
[WhiteFideId "4103360"]
[BlackFideId "14144352"]
[WhiteElo "2407"]
[BlackElo "2301"]
[Result "0-1"]
[Round "03"]
[TimeControl "180+1"]
[Date "2022.04.26"]
[WhiteClock "0:00:05"]
[BlackClock "0:00:22"]

1. e4 g6 2. h4 d5 3. exd5 Qxd5 4. Nc3 Qa5 5. h5 Bg7 6. d4 Nc6 7. Bb5 Bd7 8. Nf3 O-O-O 9. Bd2 Nxd4 10. h6 Bf6 11. Nxd4 Bxd4 12. a4 Bxb5 13. axb5 Qb6 14. O-O Nxh6 15. Bxh6 Bxf2+ 16. Rxf2 Rxd1+ 17. Rxd1 Rd8 18. Rxd8+ Kxd8 19. Kf1 f6 20. Rd2+ Ke8 21. Bf4 e5 22. Bg3 a6 23. Bf2 Qa5 24. b6 cxb6 25. Rd6 Qa1+ 26. Ke2 Qxb2 27. Kd2 b5 28. Rxf6 b4 29. Nd1 Qa2 30. Rb6 Qd5+ 31. Kc1 a5 32. Ne3 Qe4 33. Rb5 a4 34. Nd5 Qxg2 35. Nxb4 Qf1+ 36. Kd2 Qxb5 0-1


[Site "https://www.chess.com"]

[Event "Titled Tuesday Blitz April 26 Late 2022"]
[White "Vovk, Orest"]
[Black "Burke, Paul"]
[WhiteFideId "14113490"]
[BlackFideId "2605767"]
[WhiteElo "2203"]
[BlackElo "1871"]
[Result "1-0"]
[Round "03"]
[TimeControl "180+1"]
[Date "2022.04.26"]
[WhiteClock "0:02:45"]
[BlackClock "0:02:16"]

1. d3 a6 2. Nd2 d6 3. Ngf3 g6 4. e4 Nd7 5. Be2 Bg7 6. O-O e6 7. c3 h6 8. Re1 Ne7 9. Bf1 O-O 10. a4 b6 11. Nc4 Bb7 12. d4 Kh7 13. e5 d5 14. Ne3 c5 15. b4 Rc8 16. b5 a5 17. Ba3 Nc6 18. bxc6 1-0


[Site "https://www.chess.com"]

[Event "Titled Tuesday Blitz April 26 Late 2022"]
[White "Vujic, Mihailo"]
[Black "Tanenbaum, Zachary"]
[WhiteFideId "918873"]
[BlackFideId "2060850"]
[WhiteElo "2256"]
[BlackElo "2168"]
[Result "1-0"]
[Round "03"]
[TimeControl "180+1"]
[Date "2022.04.26"]
[WhiteClock "0:00:20"]
[BlackClock "0:00:04"]

1. e4 e5 2. Bc4 Nf6 3. d4 exd4 4. Nf3 Nc6 5. O-O Nxe4 6. Re1 d5 7. Bxd5 Qxd5 8. Nc3 Qh5 9. Nxe4 Be6 10. Bg5 h6 11. Bf6 Qg6 12. Bxd4 O-O-O 13. c3 Bd5 14. Ng3 Nxd4 15. Nxd4 h5 16. f3 h4 17. Ne4 Bxe4 18. Rxe4 c5 19. Qa4 cxd4 20. Qxa7 Qa6 21. Qxa6 bxa6 22. cxd4 f5 23. Re6 Rxd4 24. Rxa6 Kb7 25. Ra5 g6 26. Rc1 Kb6 27. Ra8 Rd2 28. Rb8+ Ka7 29. Rb3 Bd6 30. Rc4 Bxh2+ 31. Kxh2 Rd6 32. Ra4+ Ra6 33. Rxa6+ Kxa6 34. Kh3 g5 35. Rd3 Re8 36. Rd5 Rf8 37. b4 Kb6 38. a4 Kc6 39. Rc5+ Kb6 40. a5+ Kb7 41. b5 Rf6 42. Re5 Kc7 43. Re7+ Kb8 44. b6 Ka8 45. Ra7+ Kb8 46. Rg7 g4+ 47. fxg4 fxg4+ 48. Rxg4 Rf5 49. a6 Rf8 50. Rxh4 Rg8 51. g4 Rf8 52. g5 Re8 53. g6 Re3+ 54. Kg4 Re4+ 55. Kg5 Re5+ 56. Kf6 Re8 57. g7 Rc8 58. Rh8 Ka8 59. Rxc8# 1-0


[Site "https://www.chess.com"]

[Event "Titled Tuesday Blitz April 26 Late 2022"]
[White "Wachinger, Guenther"]
[Black "Leitao, Rafael"]
[WhiteFideId "4604261"]
[BlackFideId "2101246"]
[WhiteElo "2212"]
[BlackElo "2609"]
[Result "0-1"]
[Round "03"]
[TimeControl "180+1"]
[Date "2022.04.26"]
[WhiteClock "0:00:02"]
[BlackClock "0:00:15"]

1. e4 c5 2. Nf3 d6 3. d4 cxd4 4. Nxd4 Nf6 5. Nc3 Nc6 6. Bg5 e6 7. Qd2 a6 8. O-O-O Bd7 9. f4 Be7 10. Nf3 b5 11. Kb1 b4 12. Bxf6 Bxf6 13. Ne2 Be7 14. g4 O-O 15. g5 a5 16. h4 a4 17. Ned4 Nxd4 18. Nxd4 Qc7 19. Bd3 Qc5 20. e5 dxe5 21. fxe5 Qxe5 22. Nf3 Qc5 23. Bxh7+ Kxh7 24. Qxd7 a3 25. g6+ Kg8 26. gxf7+ Rxf7 27. Qxe6 Rc8 28. Rh2 Qc4 29. Qxc4 Rxc4 30. Ne5 Bd6 31. Nxf7 Bxh2 32. Ng5 Bc7 33. h5 Rg4 34. Ne6 Be5 35. Re1 Bxb2 36. Nc5 Kh7 37. Ne6 Bc3 38. Rf1 Kh6 39. Nc5 Kxh5 40. Nd3 g5 41. Nf2 Rf4 42. Rh1+ Kg6 43. Nd3 Re4 44. Kc1 g4 45. Kd1 Kg5 46. Rg1 Re3 47. Nf2 g3 48. Rxg3+ Rxg3 49. Ne4+ Kf4 50. Nxg3 Kxg3 51. Ke2 Kg2 52. Kd1 Bb2 53. Kd2 Kf2 54. c4 bxc3+ 55. Kc2 Ke3 56. Kb1 Kd4 57. Kc2 Kc4 58. Kb1 Kb4 59. Kc2 Ba1 60. Kb1 Bb2 61. Kc2 Kc5 62. Kb1 Kd4 63. Kc2 Ke3 64. Kb1 Ke2 65. Kc2 Ke1 66. Kb1 Ba1 67. Kc2 Ke2 68. Kb1 Bb2 69. Kc2 Ke1 70. Kb1 Kf2 71. Kc2 Ba1 72. Kb1 Ke3 73. Kc2 Ke2 74. Kc1 Kd3 75. Kb1 c2+ 76. Kxa1 c1=Q# 0-1


[Site "https://www.chess.com"]

[Event "Titled Tuesday Blitz April 26 Late 2022"]
[White "Xu, Yi"]
[Black "Sevian, Samuel"]
[WhiteFideId "8605564"]
[BlackFideId "2040506"]
[WhiteElo "2471"]
[BlackElo "2698"]
[Result "0-1"]
[Round "03"]
[TimeControl "180+1"]
[Date "2022.04.26"]
[WhiteClock "0:00:02"]
[BlackClock "0:00:25"]

1. e4 e5 2. Nf3 Nc6 3. Bc4 Nf6 4. d3 Be7 5. O-O O-O 6. Nc3 d6 7. a4 Kh8 8. a5 Ng8 9. a6 Rb8 10. axb7 Bxb7 11. Be3 f5 12. exf5 Rxf5 13. Nd5 Nb4 14. Nxb4 Bxf3 15. Qd2 d5 16. Nc6 Qd6 17. Nxe7 Nxe7 18. Ra6 c6 19. gxf3 dxc4 20. dxc4 Qg6+ 21. Kh1 Rxf3 22. Rxa7 Nf5 23. Rg1 Qh5 24. Rd7 h6 25. Rd8+ Rxd8 26. Qxd8+ Kh7 27. Qd3 Rh3 28. Rg2 Qf3 29. Kg1 e4 30. Qd7 Rh4 31. b3 Rg4 32. Rxg4 Qxg4+ 33. Kh1 Ng3+ 34. hxg3 Qxd7 35. Kg2 Qd1 0-1


[Site "https://www.chess.com"]

[Event "Titled Tuesday Blitz April 26 Late 2022"]
[White "Yedidia, Daniel"]
[Black "Jarocka, Liwia"]
[WhiteFideId "30905907"]
[BlackFideId "21807558"]
[WhiteElo "2598"]
[BlackElo "1896"]
[Result "1-0"]
[Round "03"]
[TimeControl "180+1"]
[Date "2022.04.26"]
[WhiteClock "0:00:54"]
[BlackClock "0:01:16"]

1. d4 c6 2. c4 d5 3. Nf3 Nf6 4. Nc3 e6 5. e3 Bb4 6. Bd3 O-O 7. O-O Nbd7 8. a3 Bxc3 9. bxc3 dxc4 10. Bxc4 b5 11. Be2 Bb7 12. c4 bxc4 13. Bxc4 c5 14. Rb1 Bxf3 15. Qxf3 cxd4 16. exd4 Nb6 17. Ba2 Qxd4 18. Be3 Qe4 19. Qg3 Qg4 20. Qc7 Nbd5 21. Qc5 Rfc8 22. Qd4 Nxe3 23. Qxe3 Qe4 24. Qg3 Qg6 25. Qe3 Qc2 26. Bb3 Qc3 27. Qf4 Qa5 28. a4 Qc7 29. Qe3 Qc5 30. Qf4 Nd5 31. Bxd5 Qxd5 32. Rfd1 Qc4 33. Rd8+ 1-0


[Site "https://www.chess.com"]

[Event "Titled Tuesday Blitz April 26 Late 2022"]
[White "Yoo, Christopher Woojin"]
[Black "Svane, Frederik"]
[WhiteFideId "30909694"]
[BlackFideId "12923044"]
[WhiteElo "2105"]
[BlackElo "2459"]
[Result "1/2-1/2"]
[Round "03"]
[TimeControl "180+1"]
[Date "2022.04.26"]
[WhiteClock "0:00:14"]
[BlackClock "0:01:05"]

1. d4 Nf6 2. c4 e6 3. Nf3 d5 4. g3 Bb4+ 5. Bd2 Be7 6. Bg2 O-O 7. O-O c6 8. Qb3 a5 9. a4 Ne4 10. Bf4 Na6 11. Nc3 Nd6 12. Bxd6 Bxd6 13. e4 Nb4 14. Rfd1 b6 15. Rac1 Bb7 16. cxd5 cxd5 17. e5 Be7 18. Nb5 Bc6 19. Bf1 Qd7 20. Rc3 Rfc8 21. Rdc1 Bxb5 22. Bxb5 Qd8 23. h4 h6 24. Kg2 h5 25. Ng1 g6 26. f4 Kg7 27. Nf3 Bf8 28. Ng5 Be7 29. Nf3 Bf8 30. Ng1 Be7 31. Nh3 Rab8 32. Ng1 Ra8 1/2-1/2


[Site "https://www.chess.com"]

[Event "Titled Tuesday Blitz April 26 Late 2022"]
[White "Yuan, Qingyu"]
[Black "Koellner, Ruben Gideon"]
[WhiteFideId "8609772"]
[BlackFideId "12993093"]
[WhiteElo "2359"]
[BlackElo "2601"]
[Result "0-1"]
[Round "03"]
[TimeControl "180+1"]
[Date "2022.04.26"]
[WhiteClock "0:00:06"]
[BlackClock "0:00:12"]

1. e4 d6 2. d4 Nf6 3. Nc3 e5 4. Nf3 Nbd7 5. Rg1 h6 6. g4 c6 7. Be3 b5 8. a3 a5 9. h4 Bb7 10. g5 hxg5 11. hxg5 Nh5 12. g6 fxg6 13. Rxg6 Nhf6 14. dxe5 Nxe5 15. Nxe5 dxe5 16. Qf3 Qd7 17. Rd1 Qe6 18. Rg3 Bc8 19. Bg5 b4 20. Na4 c5 21. Bxf6 gxf6 22. Bb5+ Ke7 23. Nb6 Qxb6 24. Qd3 Rh1+ 25. Ke2 Rxd1 26. Kxd1 Bg4+ 27. Kc1 Rd8 28. Rxg4 Rxd3 29. Bxd3 Bh6+ 30. Kd1 Bg5 31. a4 c4 32. Bxc4 Qd4+ 33. Ke2 Qxc4+ 34. Kf3 Qxc2 35. Rg2 Qd3+ 36. Kg4 Qxe4+ 37. Kh5 Qxg2 0-1


[Site "https://www.chess.com"]

[Event "Titled Tuesday Blitz April 26 Late 2022"]
[White "Yurovskykh, Oleksandr"]
[Black "Oro, Luis"]
[WhiteFideId "14134020"]
[BlackFideId "104094"]
[WhiteElo "2292"]
[BlackElo "2399"]
[Result "1-0"]
[Round "03"]
[TimeControl "180+1"]
[Date "2022.04.26"]
[WhiteClock "0:00:05"]
[BlackClock "0:00:03"]

1. d4 Nf6 2. Nf3 e6 3. Bf4 b6 4. e3 Bb7 5. Bd3 Be7 6. h3 O-O 7. O-O d5 8. Nbd2 c5 9. c3 Nc6 10. Qe2 Qd7 11. Ne5 Nxe5 12. dxe5 Ne4 13. Nxe4 dxe4 14. Bc4 Bd5 15. Ba6 Qa4 16. Bb5 Qa5 17. c4 Bb7 18. Qc2 a6 19. Ba4 b5 20. Bb3 Qb6 21. Rfd1 Rad8 22. a4 b4 23. Qe2 f5 24. exf6 Bxf6 25. Rxd8 Rxd8 26. Rd1 a5 27. Bg3 Bc6 28. Kh2 g6 29. Rxd8+ Qxd8 30. Bd1 Kg7 31. b3 h5 32. Kg1 h4 33. Bh2 Qd3 34. Qxd3 exd3 35. f3 Bc3 36. Kf2 e5 37. e4 Kf6 38. Kf1 Bd4 39. Ke1 Be3 40. g3 Kg5 41. Kf1 Kh5 42. Kg2 hxg3 43. f4+ Kh4 44. Bxg3# 1-0


[Site "https://www.chess.com"]

[Event "Titled Tuesday Blitz April 26 Late 2022"]
[White "Zakhartsov, Vladimir"]
[Black "Martinez Alcantara, Jose Eduardo"]
[WhiteFideId "4145097"]
[BlackFideId "3805662"]
[WhiteElo "2491"]
[BlackElo "2690"]
[Result "0-1"]
[Round "03"]
[TimeControl "180+1"]
[Date "2022.04.26"]
[WhiteClock "0:00:46"]
[BlackClock "0:01:43"]

1. d4 Nf6 2. c4 e6 3. Nf3 Bb4+ 4. Nbd2 b6 5. g3 Bb7 6. Bg2 O-O 7. O-O a5 8. Qc2 h6 9. e4 d5 10. cxd5 exd5 11. e5 Ne4 12. a3 Be7 13. Ne1 Nc6 14. Nxe4 Nxd4 15. Qd3 dxe4 16. Bxe4 Ba6 17. Qe3 Bc5 18. Bd3 Nb3 19. Qe4 Bxd3 20. Nxd3 Nxa1 21. Nxc5 bxc5 22. e6 Qd4 23. Qe2 Nb3 24. Be3 Qf6 0-1


[Site "https://www.chess.com"]

[Event "Titled Tuesday Blitz April 26 Late 2022"]
[White "Zherebtsova, Alexandra"]
[Black "Eggleston, Thomas A"]
[WhiteFideId "24129518"]
[BlackFideId "412139"]
[WhiteElo "2025"]
[BlackElo "2174"]
[Result "1-0"]
[Round "03"]
[TimeControl "180+1"]
[Date "2022.04.26"]
[WhiteClock "0:00:15"]
[BlackClock "0:00:02"]

1. d4 e6 2. Nf3 f5 3. g3 Nf6 4. Bg2 Be7 5. O-O O-O 6. c4 d6 7. b3 Ne4 8. Bb2 Bf6 9. Nfd2 d5 10. f3 Nxd2 11. Qxd2 c5 12. dxc5 d4 13. Na3 a5 14. Nb5 Nc6 15. Rfd1 e5 16. e3 Qe7 17. exd4 exd4 18. Nd6 f4 19. Re1 Be5 20. gxf4 Bxf4 21. Rxe7 Bxd2 22. Re2 Be3+ 23. Kh1 Be6 24. Rd1 Rf4 25. Nxb7 Raf8 26. Nd6 R8f6 27. Ne4 Rh6 28. Bc1 Bxc1 29. Rxc1 d3 30. Re3 Ne5 31. Rd1 Rfh4 32. Ng3 Rxh2+ 33. Kg1 Nxf3+ 34. Bxf3 Bf7 35. Rexd3 g5 36. Bg2 R2h4 37. Rd8+ Kg7 38. Nf5+ Kf6 39. Nxh4 gxh4 40. R1d6+ Kg5 41. Rxh6 Kxh6 42. c6 1-0


[Site "https://www.chess.com"]

[Event "Titled Tuesday Blitz April 26 Late 2022"]
[White "Zhurbinsky, David"]
[Black "Piekarski, Atila Balzer"]
[WhiteFideId "2072904"]
[BlackFideId "2119552"]
[WhiteElo "2560"]
[BlackElo "2050"]
[Result "1-0"]
[Round "03"]
[TimeControl "180+1"]
[Date "2022.04.26"]
[WhiteClock "0:00:54"]
[BlackClock "0:01:35"]

1. e4 c6 2. d4 d5 3. Nc3 dxe4 4. Nxe4 Bf5 5. Ng3 Bg6 6. h4 h6 7. Nf3 Nd7 8. Bc4 e6 9. Bf4 Ngf6 10. Qe2 Qa5+ 11. c3 Nd5 12. Bd2 Qb6 13. Bb3 a5 14. h5 Bh7 15. O-O a4 16. Bxd5 cxd5 17. Bf4 Be7 18. Ne5 Nxe5 19. Bxe5 Bf6 20. Bxf6 gxf6 21. b3 axb3 22. axb3 Ke7 23. Qb2 Bd3 24. Rfe1 Rxa1 25. Rxa1 Bc4 26. Qa3+ 1-0


[Site "https://www.chess.com"]

[Event "Titled Tuesday Blitz April 26 Late 2022"]
[White "Zor, Alber Kadir"]
[Black "Zivkovic, Nemanja"]
[WhiteFideId "6353169"]
[BlackFideId "942154"]
[WhiteElo "1966"]
[BlackElo "2364"]
[Result "1-0"]
[Round "03"]
[TimeControl "180+1"]
[Date "2022.04.26"]
[WhiteClock "0:00:53"]
[BlackClock "0:00:09"]

1. e4 c5 2. Nf3 d6 3. d4 cxd4 4. Nxd4 Nf6 5. Nc3 a6 6. h3 e5 7. Nde2 h5 8. g3 Be6 9. Bg2 Nbd7 10. Be3 Be7 11. O-O b5 12. a4 b4 13. Nd5 Bxd5 14. exd5 O-O 15. a5 Rb8 16. Nc1 Qc7 17. Qe2 Qb7 18. Ra4 Rfc8 19. Na2 b3 20. Nb4 Nc5 21. Bxc5 Rxc5 22. Nc6 Rxc2 23. Qd3 Bf8 24. Rb4 Qxb4 25. Nxb4 Rxb4 26. Qxa6 Rxb2 27. Qd3 Ra2 28. Qc3 Rb5 29. Rb1 b2 30. a6 Nd7 31. a7 Nc5 32. Bf1 Rb7 33. Rxb2 Raxa7 34. h4 g6 35. Be2 Be7 36. Rxb7 Rxb7 37. Qc4 Rb2 38. Bf1 Bd8 39. f4 exf4 40. Qxf4 Be7 41. g4 hxg4 42. Qxg4 Bf6 43. h5 Kg7 44. hxg6 fxg6 45. Be2 Rd2 46. Bf3 Bd4+ 47. Kh1 Be5 48. Kg1 Kf6 49. Qh4+ Kg7 50. Qe7+ Kh6 51. Qh4+ Kg7 52. Qe7+ Kg8 53. Bg4 Rd4 54. Be6+ Kh8 55. Qf8+ Kh7 56. Bg8+ Kh8 57. Bf7+ Kh7 58. Qg8+ 1-0


[Site "https://www.chess.com"]

[Event "Titled Tuesday Blitz April 26 Late 2022"]
[White "Aigner, Michael"]
[Black "Spata, German"]
[WhiteFideId "2017288"]
[BlackFideId "113026"]
[WhiteElo "2399"]
[BlackElo "2238"]
[Result "0-1"]
[Round "04"]
[TimeControl "180+1"]
[Date "2022.04.26"]
[WhiteClock "0:00:07"]
[BlackClock "0:00:06"]

1. e4 d5 2. exd5 Qxd5 3. Nc3 Qd8 4. d4 g6 5. Nf3 Bg7 6. Be2 Nf6 7. O-O O-O 8. Be3 Bg4 9. h3 Bxf3 10. Bxf3 c6 11. Ne2 Nd5 12. c3 e5 13. Bxd5 Qxd5 14. dxe5 Qxe5 15. Bd4 Qh5 16. Bxg7 Kxg7 17. Qd4+ Kg8 18. Ng3 Qd5 19. Qxd5 cxd5 20. Rad1 Rd8 21. Ne4 Kg7 22. Nc5 Nc6 23. Rd2 b6 24. Nb3 Ne5 25. Rfd1 Nc4 26. Re2 Rd7 27. Nd4 Rc8 28. g3 Nd6 29. f3 h5 30. Kf2 Nc4 31. b3 Nd6 32. Rd3 Rdc7 33. Ree3 a6 34. Ke2 Nb7 35. b4 Nd6 36. Kf2 Nc4 37. Re2 Na3 38. Nb3 Rxc3 39. Rxd5 Rc2 40. Re5 Rxe2+ 41. Rxe2 Nc2 42. Re4 Na3 43. g4 Rc2+ 44. Re2 Rxe2+ 45. Kxe2 Nc2 46. b5 axb5 47. Kd3 Nb4+ 48. Kd2 Nxa2 49. Nd4 Nb4 50. Nxb5 Nd5 51. h4 Nf4 52. gxh5 gxh5 53. Nd6 Ng2 54. Nc4 b5 55. Nd6 b4 56. Nf5+ Kg6 57. Nd4 Nxh4 58. Nc6 b3 59. Kc3 Nxf3 60. Kxb3 h4 61. Nb4 h3 62. Nd3 h2 63. Nf2 Kf5 64. Kc2 Kf4 65. Kd1 Kg3 66. Ke2 Kg2 67. Ke3 Ne5 68. Ke2 h1=Q 69. Nxh1 Kxh1 70. Ke3 Nd7 71. Kf4 f6 72. Kf5 Kg2 73. Ke6 Kf3 74. Kxd7 f5 75. Ke6 f4 76. Kf5 Kg3 0-1


[Site "https://www.chess.com"]

[Event "Titled Tuesday Blitz April 26 Late 2022"]
[White "Alinasab, Mobina"]
[Black "Onslow, Alfie"]
[WhiteFideId "12528897"]
[BlackFideId "436976"]
[WhiteElo "2031"]
[BlackElo "1884"]
[Result "1-0"]
[Round "04"]
[TimeControl "180+1"]
[Date "2022.04.26"]
[WhiteClock "0:00:24"]
[BlackClock "0:00:05"]

1. e4 g6 2. d4 Bg7 3. Nc3 c6 4. f4 d5 5. e5 h5 6. Nf3 Bg4 7. h3 Bxf3 8. Qxf3 e6 9. Be3 h4 10. O-O-O Nh6 11. Bf2 Nf5 12. Bd3 Nd7 13. Bxf5 exf5 14. e6 fxe6 15. Rde1 Qf6 16. Na4 b5 17. Nc3 O-O 18. g3 hxg3 19. Qxg3 b4 20. Ne2 c5 21. h4 c4 22. h5 gxh5 23. Rxh5 Kf7 24. Rg1 Rg8 25. Rh7 Nf8 26. Rh5 c3 27. Rg5 cxb2+ 28. Kb1 a5 29. Qf3 Ra7 30. Qh5+ Ke7 31. Bh4 Kd6 32. Rxg7 Qxg7 33. Rxg7 Raxg7 34. Kxb2 Ng6 35. Bf6 Rc7 36. Be5+ Nxe5 37. dxe5+ Kc5 38. Qf3 Rgc8 39. Qe3+ Kb5 40. Nd4+ Ka6 41. Qd3+ Rc4 42. Nxe6 Kb7 43. Qxd5+ Kb8 44. Qb5+ Ka8 45. Qxa5+ Kb8 46. Qb6+ Ka8 47. Nd4 b3 48. axb3 Rxc2+ 49. Nxc2 Rxc2+ 50. Ka3 Ra2+ 51. Kb4 Ra4+ 52. Kb5 Rb4+ 53. Kc5 Rc4+ 54. Kd5 Rd4+ 55. Qxd4 1-0


[Site "https://www.chess.com"]

[Event "Titled Tuesday Blitz April 26 Late 2022"]
[White "Andreikin, Dmitry"]
[Black "Skawinski, Arkadiusz"]
[WhiteFideId "4158814"]
[BlackFideId "1126415"]
[WhiteElo "2736"]
[BlackElo "2222"]
[Result "1-0"]
[Round "04"]
[TimeControl "180+1"]
[Date "2022.04.26"]
[WhiteClock "0:01:30"]
[BlackClock "0:00:08"]

1. e4 e6 2. d4 d5 3. Nc3 Bb4 4. a3 Ba5 5. b4 Bb6 6. Nf3 Nc6 7. Bb5 Ne7 8. e5 a5 9. Bg5 h6 10. Bxc6+ bxc6 11. Bxe7 Qxe7 12. Rb1 axb4 13. axb4 Ba6 14. Ne2 Bc4 15. O-O Ra3 16. Re1 O-O 17. Qd2 Ra2 18. Ng3 Rfa8 19. Nh5 R8a3 20. Re3 Ra1 21. Rxa1 Rxa1+ 22. Re1 Ra2 23. Qc3 Qd8 24. h3 Qa8 25. Qd2 Qa4 26. Rc1 Ra1 27. c3 Rxc1+ 28. Qxc1 Qa2 29. Nh2 Kf8 30. Ng4 Be2 31. Nxg7 Bxg4 32. Qxh6 Qb1+ 33. Kh2 Qg6 34. Qh8+ 1-0


[Site "https://www.chess.com"]

[Event "Titled Tuesday Blitz April 26 Late 2022"]
[White "Ansh M Shah"]
[Black "Migot, Tangi"]
[WhiteFideId "25033379"]
[BlackFideId "662445"]
[WhiteElo "1819"]
[BlackElo "2512"]
[Result "0-1"]
[Round "04"]
[TimeControl "180+1"]
[Date "2022.04.26"]
[WhiteClock "0:01:22"]
[BlackClock "0:01:30"]

1. d4 Nf6 2. c4 g6 3. Nf3 Bg7 4. g3 d5 5. Bg2 dxc4 6. O-O O-O 7. Ne5 Ng4 8. Nxc4 Qxd4 9. Qxd4 Bxd4 10. h3 Nf6 11. e3 Bb6 12. Nc3 c6 13. b3 Be6 14. Nxb6 axb6 15. Na4 Nbd7 16. Ba3 b5 17. Bxe7 bxa4 18. Bxf8 Kxf8 19. bxa4 Rxa4 20. Rab1 Nc5 21. Rfc1 Nfd7 22. Rb2 Rxa2 23. Rxa2 Bxa2 24. Ra1 Be6 25. g4 Ke7 26. f4 Kd6 27. e4 b5 28. e5+ Kc7 29. Rf1 f5 30. exf6 Nxf6 31. f5 gxf5 32. g5 Nfe4 33. h4 b4 34. Bh3 b3 35. Bxf5 Bxf5 36. Rxf5 b2 37. Rf1 Nd2 38. h5 Nxf1 39. g6 hxg6 40. hxg6 b1=Q 41. g7 Nd2+ 42. Kf2 Qg6 43. g8=Q Qxg8 44. Ke2 Qe6+ 45. Kd1 Nc4 46. Kc2 Qe3 47. Kb1 Qe2 48. Ka1 Qb2# 0-1


[Site "https://www.chess.com"]